[Event "Sardinia World Festival-A 2024"]
[Site "Orosei"]
[Date "2024.04.28"]
[Round "2.1"]
[White "Haldorsen, Benjamin"]
[Black "Fedoseev, Vladimir"]
[Result "1/2-1/2"]
[ECO "C11"]
[WhiteElo "2419"]
[BlackElo "2690"]
[Annotator "TA"]
[PlyCount "103"]
[EventDate "2024.04.26"]
[EventType "swiss"]
[EventCountry "ITA"]
[SourceTitle "playchess.com"]
[Source "ChessBase"]
[SourceQuality "1"]
[TimeControl "40/5400+30:1800+30"]

1. e4 e6 2. d4 d5 3. Nc3 Nf6 4. e5 Nfd7 5. f4 c5 6. Nf3 Nc6 7. Be3 a6 8. a3 Qb6 9. Be2 cxd4 10. Nxd4 Bc5 (10... Qxb2 $2 11. Na4 $18) 11. Na4 Qa5+ 12. Nc3 {[%emt 0:02:16] Nxc6 would now be deadly.} Bxd4 13. Bxd4 b5 14. b4 (14. Bf2 $14) 14... Qc7 $11 15. O-O O-O 16. Qd2 Bb7 17. Bf2 d4 18. Nd1 f6 19. exf6 Nxf6 20. Bf3 {[%emt 0:05:21][%cal Of1e1] Prevents Ne4} e5 21. fxe5 Nxe5 22. Bxb7 (22. Qxd4 $2 {too greedy.} Nxf3+ (22... Bxf3 $2 23. Bg3 $19) 23. gxf3 Nh5 $19 (23... Bxf3 $2 24. Qc3 $19) (23... Qxc2 24. Ne3 $17)) 22... Qxb7 (22... Neg4 {is more complex.} 23. Bg3 Qxb7 24. Qxd4 Rad8) 23. Qxd4 Nc4 {[%emt 0:02:16] A dynamic duo of knights.} 24. Nc3 Rfd8 25. Qf4 Rd2 26. a4 {[%emt 0:01:01] Black must now prevent axb5.} Re8 27. Rae1 {[%emt 0:05:26] Prevents Ne3.} Red8 (27... Rxe1 $14 28. Rxe1 Rxc2) 28. axb5 axb5 29. Qf5 Na3 30. Ne4 Nxe4 31. Rxe4 Qc8 {[%emt 0:04:35] [#]} (31... Qd5 $16 32. Qxd5+ R2xd5) 32. Qxc8 (32. Qf3 $1 $18 {and the rest is easy.} Nc4 33. Bd4) 32... Rxc8 $16 {[%emt 0:00:06] [#]} 33. c3 Rd7 {[%emt 0:03:36] Inhibits Re7.} (33... h6 34. Bd4) 34. Bc5 h6 35. h3 Kh7 36. Kh2 Nc4 37. Rfe1 Rcc7 38. Bd4 Rb7 39. R1e2 Nb6 40. Bxb6 Rxb6 {[%emt 0:00:06][%mdl 4096] Endgame. KRR-KRR} 41. Re5 Rc7 42. R2e3 Rbc6 43. Rxb5 Rxc3 (43... Kg6 $16 {is a better defense.} 44. Rg3+ Kh7) 44. Rxc3 $18 Rxc3 $16 {[%emt 0:00:01] [#] KR-KR} 45. Rc5 (45. Rb6 $1 $18) 45... Rb3 $14 46. Rc4 h5 47. Kg1 (47. h4 $14) 47... Rb2 48. Kh2 ({White should play} 48. h4 $11) 48... Rb3 $16 49. g4 (49. h4 $16) 49... Kh6 $11 {[%emt 0:03:12] The position is equal.} 50. gxh5 Kxh5 51. Kg2 g5 52. Rd4 {[%emt 0:00:00] Blacks defense is rewarded with a draw.   Weighted Error Value: White=0.21 (precise) /Black=0.20 (precise) .  Loses game:     	---       	Black=1      Missed win:     	White=1     	---        Mistake:       	White=5     	Black=2      Inaccurate:     	White=3     	Black=2      OK:         	White=12    	Black=19     Best:        	White=1     	Black=2      Brilliant:      	White=1     	---} 1/2-1/2

[Event "Sardinia World Festival-A 2024"]
[Site "Orosei"]
[Date "2024.04.28"]
[Round "2.2"]
[White "Sjugirov, Sanan"]
[Black "Carnicelli, Valerio"]
[Result "1-0"]
[ECO "B31"]
[WhiteElo "2689"]
[BlackElo "2413"]
[Annotator "TA"]
[PlyCount "113"]
[EventDate "2024.04.26"]
[EventType "swiss"]
[EventCountry "ITA"]
[SourceTitle "playchess.com"]
[Source "ChessBase"]
[SourceQuality "1"]
[TimeControl "40/5400+30:1800+30"]

1. e4 c5 2. Nf3 Nc6 3. Bb5 g6 4. O-O Bg7 5. Re1 e5 6. Bxc6 dxc6 7. d3 Qe7 8. a4 Be6 9. Na3 (9. a5 $14) 9... f6 $11 10. Qd2 Bh6 {[%emt 0:04:41] The position is equal.} 11. Qe2 Bxc1 12. Rexc1 Nh6 13. Nd2 Nf7 14. Nac4 Nd6 15. b3 O-O 16. Rf1 Kg7 17. Qe3 Bxc4 18. bxc4 Nf7 19. g3 Qd6 20. Rfb1 Nd8 21. f4 Rf7 (21... exf4 $11 {remains equal.} 22. gxf4 Rb8) 22. f5 $16 b6 23. g4 Rb7 24. Nf3 Nf7 25. Kh1 g5 26. h4 h6 $1 27. Kg2 Rh8 28. Rh1 Kf8 29. hxg5 hxg5 {[%emt 0:00:10] Black is weak on the light squares} 30. Rxh8+ Nxh8 31. Rh1 Kg8 32. a5 Rh7 33. Rb1 $36 {[%emt 0:00:08][%mdl 2048] White is really pushing.} Qd8 34. axb6 axb6 35. Qc1 Rb7 36. Ra1 Nf7 37. Qh1 Nd6 38. Ra6 Rh7 {[%emt 0:01:17] [#]} 39. Qa1 Rb7 40. Nd2 Qc7 41. Ra8+ Rb8 42. Qa7 (42. Ra3 $16) 42... Qxa7 $14 43. Rxa7 {[%emt 0:00:00][%mdl 4096] Endgame. KRN-KRN} Rb7 44. Ra8+ Kf7 $1 45. Nf1 Ke7 46. Kf2 Kd7 47. Ng3 Ke7 48. Nh5 Ne8 49. Ke3 Kd7 (49... b5 $11) 50. Kd2 $16 {[%emt 0:00:00] White is much more active.} Ke7 51. Ng3 Kd7 52. Ra1 Nd6 53. Nh5 Ne8 54. Rh1 Kd6 55. Ng3 Rf7 56. Ke3 Ke7 {[%emt 0:01:11] [#]} (56... Kd7 $14) 57. Rb1 $1 {[%emt 0:00:11] Weighted Error Value: White=0.10 (very precise) /Black=0.13 (very precise) .  Mistake:       	White=2     	Black=3      Inaccurate:     	White=5     	Black=5      OK:         	White=20    	Black=20     Best:        	White=1     	Black=2      Strong:       	White=1     	Black=2} 1-0

[Event "Sardinia World Festival-A 2024"]
[Site "Orosei"]
[Date "2024.04.28"]
[Round "2.3"]
[White "Yankelevich, Lev"]
[Black "Shevchenko, Kirill"]
[Result "1-0"]
[ECO "E01"]
[WhiteElo "2413"]
[BlackElo "2675"]
[Annotator "TA"]
[PlyCount "93"]
[EventDate "2024.04.26"]
[EventType "swiss"]
[EventCountry "ITA"]
[SourceTitle "playchess.com"]
[Source "ChessBase"]
[SourceQuality "1"]
[TimeControl "40/5400+30:1800+30"]

1. d4 Nf6 2. c4 e6 3. Nf3 d5 4. g3 Bb4+ 5. Bd2 Bd6 6. Bg2 {[%emt 0:00:29] E01: Catalan: Early deviations.} O-O 7. O-O Nbd7 8. c5 Be7 9. b4 Ne4 10. Nc3 f5 11. Ne1 $146 ({Predecessor:} 11. Qb3 Bf6 12. Be3 c6 13. Rad1 Kh8 14. Na4 b6 15. Qc2 a5 16. Ne5 Nxe5 17. dxe5 Bxe5 18. Nxb6 Ra7 19. bxa5 Ba6 {½-½ Can,E (2586)-Moiseenko,A (2648) EU-ch 20th Skopje 2019 (4)}) 11... c6 12. Nc2 e5 13. Nxe4 fxe4 14. f3 exf3 15. exf3 a5 {[%emt 0:00:43] Hoping for ...axb4.} 16. a3 $1 exd4 17. Nxd4 {[%emt 0:00:22] Strongly threatening Ne6.} Ne5 18. Bc3 $1 Nc4 19. Re1 {[%emt 0:01:05] Inhibits Ne3.} Bf6 20. Bf1 Re8 21. Bd3 axb4 22. axb4 Rxa1 23. Qxa1 Bd7 24. Nc2 Bxc3 25. Qxc3 Rxe1+ 26. Nxe1 Be6 27. Nc2 Bf7 28. Kf2 Qa8 29. Qa1 Qc8 30. Nd4 g6 {[%emt 0:01:50] Wards off Nf5} 31. Nc2 Qd8 (31... Qh3 {seems wilder.} 32. Kg1 Qe6 33. f4 Nd2) 32. Qd4 {[%emt 0:00:00] aiming for Bxc4.} Qa8 $1 33. Qa1 Qc8 34. Qd4 Qa8 35. Qa1 Qb8 36. Qf6 Ne5 (36... Qa7 {keeps more tension.} 37. h4 Qa2 38. h5 Qb2) 37. Be2 Qe8 38. h4 Nc4 {[%emt 0:00:35] [#]} ({Black should try} 38... h5 $14) 39. h5 $1 $16 gxh5 (39... Be6 40. Qg5) 40. Bxc4 $1 dxc4 41. Nd4 {[%emt 0:30:05] Threatens to win with Nf5.} h4 $2 {[%emt 0:09:38] [#]} (41... Bg6) 42. Nf5 $1 $18 (42. Qxh4 Qe5 $16) 42... hxg3+ 43. Kg2 Qe2+ {[%emt 0:08:00] [#]} 44. Kh3 $1 Kf8 45. Qh8+ ({Weaker is} 45. Kxg3 Qe1+ 46. Kg4 Qg1+ 47. Kf4 Qh2+ 48. Ke3 Qg1+ 49. Ke2 Qh2+ 50. Kf1 Qh1+ 51. Kf2 Qh2+ 52. Kf1 (52. Ke3 Qg1+ 53. Ke4 Qe1+ 54. Kf4 Qd2+ 55. Kg3 Qe1+ 56. Kh3 Qh1+ 57. Kg3 Qe1+ $11) 52... Qh1+ 53. Kf2 Qh2+ 54. Ke3 Qg1+ 55. Ke4 Qe1+ 56. Kf4 Qd2+ 57. Kg3 Qe1+ 58. Kg4 h5+ 59. Kg5 Qc1+ 60. Kh4 (60. f4 Qg1+ 61. Kh6 Qg6+ 62. Qxg6 Bxg6 $11) 60... Qf4+ (60... Qh1+ 61. Kg3 $11) 61. Kh3 Qxf3+ 62. Kh2 Qf4+ 63. Kh1 Qf1+ 64. Kh2 Qf2+ 65. Kh1 Qf1+ 66. Kh2 Qf2+ 67. Kh1 Qf1+ $11) 45... Bg8 46. Qg7+ (46. Nxg3 $2 {is the wrong capture.} Qxf3 47. Kh4 Qf4+ 48. Kh3 Qg5 $19) 46... Ke8 47. Nd6+ 1-0

[Event "Sardinia World Festival-A 2024"]
[Site "Orosei"]
[Date "2024.04.28"]
[Round "2.4"]
[White "Lumachi, Gabriele"]
[Black "Pichot, Alan"]
[Result "0-1"]
[ECO "D37"]
[WhiteElo "2413"]
[BlackElo "2644"]
[Annotator "TA"]
[PlyCount "102"]
[EventDate "2024.04.26"]
[EventType "swiss"]
[EventCountry "ITA"]
[SourceTitle "playchess.com"]
[Source "ChessBase"]
[SourceQuality "1"]
[TimeControl "40/5400+30:1800+30"]

1. d4 Nf6 2. c4 e6 3. Nf3 d5 4. Nc3 h6 5. Bf4 Bd6 6. Bxd6 Qxd6 7. e3 O-O 8. Qc2 {[%emt 0:03:09] White is slightly better.} a6 9. cxd5 exd5 10. h3 b6 11. Be2 Bb7 12. O-O Nbd7 13. a4 c5 14. Rfd1 Rac8 15. Qb3 Qb8 {[%emt 0:12:06] [#]} 16. Ne5 $1 Nxe5 (16... c4 17. Nxd7) 17. dxe5 Qxe5 {[%emt 0:00:26] ...d4 is the strong threat.} 18. Qxb6 Qc7 19. Qxc7 Rxc7 20. Bf3 (20. Ra3 $14) 20... Rd8 21. Ne2 d4 22. exd4 Bxf3 23. gxf3 cxd4 24. Rxd4 Rxd4 25. Nxd4 $11 {[%emt 0:00:00][%mdl 4096] Endgame. KRN-KRN} Rc4 26. Nb3 Nd5 27. Rd1 (27. h4 $11 {feels stronger.}) 27... Nf4 $15 28. Kh2 Rxa4 29. Nc5 Rb4 30. Nxa6 Rxb2 31. h4 Rc2 ({Black should play} 31... Rxf2+ $17 32. Kg3 Ra2 33. Kxf4 Rxa6) 32. Nb8 g6 (32... Rxf2+ 33. Kg3 $16) 33. Nd7 Kg7 (33... Rxf2+ $2 34. Kg3 $18) 34. Ne5 Re2 (34... Rxf2+ $2 {loses.} 35. Kg3 Rb2 36. Kxf4 $18) 35. Nd3 (35. Ng4 $11 {keeps the balance.}) 35... Ne6 {[%emt 0:00:24] Black is more active.} (35... Nxd3 $17 36. Rxd3 Ra2 (36... Rxf2+ 37. Kg3 $11)) 36. Kg3 Nd4 37. h5 gxh5 38. Nf4 Nf5+ 39. Kg2 Ne3+ 40. Kg3 {[%emt 0:00:32] Rg1 would now be deadly.} h4+ 41. Kxh4 {[%emt 0:06:04] Strongly threatening Rg1+.} Rxf2 ({Much worse is} 41... Nxd1 42. Nxe2 Nxf2 43. Nd4 $11) 42. Rg1+ Kf6 43. Kg3 Rd2 44. Re1 Nf5+ 45. Kg4 Ng7 46. Ne2 Ne6 47. f4 {[%emt 0:02:53] [#]} ({Better is} 47. Ng3 $15 Rd4+ 48. Re4) 47... h5+ $1 $17 48. Kf3 (48. Kh4 Ng7) 48... Rd3+ 49. Kf2 h4 50. Ra1 $2 {[%emt 0:01:38] [#]} (50. Rb1 {might work better.}) 50... Nc5 $1 $19 51. Rh1 Ne4+ {[%emt 0:00:00] Weighted Error Value: White=0.16 (very precise) /Black=0.06 (flawless) .  Mistake:       	White=5     	Black=2      Inaccurate:     	White=4     	Black=2      OK:         	White=18    	Black=18     Best:        	White=3     	Black=7      Strong:       	---       	Black=1      Brilliant:      	---       	Black=1} 0-1

[Event "Sardinia World Festival-A 2024"]
[Site "Orosei"]
[Date "2024.04.28"]
[Round "2.5"]
[White "Lagarde, Maxime"]
[Black "Favaloro, Andrea"]
[Result "1/2-1/2"]
[ECO "C84"]
[WhiteElo "2640"]
[BlackElo "2412"]
[Annotator "TA"]
[PlyCount "71"]
[EventDate "2024.04.26"]
[EventType "swiss"]
[EventCountry "ITA"]
[SourceTitle "playchess.com"]
[Source "ChessBase"]
[SourceQuality "1"]
[TimeControl "40/5400+30:1800+30"]

1. e4 e5 2. Nf3 Nc6 3. Bb5 a6 4. Ba4 Nf6 5. O-O Be7 6. d3 b5 7. Bb3 d6 8. c3 O-O 9. h3 Nb8 10. a4 Bb7 11. axb5 {[%emt 0:00:07] The position is equal.} axb5 12. Rxa8 Bxa8 13. Na3 Bc6 14. Nc2 Nbd7 15. Ne3 Nc5 16. Bc2 Re8 17. b4 Ne6 18. Bb3 Bf8 19. Nf5 Bb7 20. Be3 c5 21. bxc5 Nxc5 22. Bxc5 dxc5 23. c4 (23. Ne3 $11) 23... b4 $15 24. Ne3 Qd6 25. Nd5 Ra8 26. Qc2 Ra3 27. Qb2 Nd7 28. Ne1 g6 29. Nc2 Ra8 30. Ra1 Ra6 31. Ra4 Rxa4 32. Bxa4 Bxd5 33. cxd5 {[%emt 0:00:21] [#]} c4 $1 34. Bxd7 (34. dxc4 Nf6) 34... c3 {[%emt 0:04:54] [#]} (34... cxd3 35. Nxb4 Qxb4 36. Qxb4 Bxb4 37. Kf1 $19) (34... Qxd7 $17 35. dxc4 (35. Qxe5 $2 {loses.} c3 $19) 35... Qa4) 35. Qxb4 $11 Qxb4 36. Nxb4 {[%emt 0:00:06] Weighted Error Value: White=0.11 (very precise) /Black=0.10 (very precise) .  Mistake:       	White=1     	Black=1      Inaccurate:     	White=2     	Black=1      OK:         	White=9     	Black=10     Best:        	---       	Black=1      Brilliant:      	White=1     	Black=1} 1/2-1/2

[Event "Sardinia World Festival-A 2024"]
[Site "Orosei"]
[Date "2024.04.28"]
[Round "2.6"]
[White "Kochavi, Ori"]
[Black "Murzin, Volodar"]
[Result "1/2-1/2"]
[ECO "D02"]
[WhiteElo "2406"]
[BlackElo "2632"]
[Annotator "TA"]
[PlyCount "56"]
[EventDate "2024.04.26"]
[EventType "swiss"]
[EventCountry "ITA"]
[SourceTitle "playchess.com"]
[Source "ChessBase"]
[SourceQuality "1"]
[TimeControl "40/5400+30:1800+30"]

1. d4 Nf6 2. Nf3 d5 3. c3 c6 4. Qc2 Bg4 5. Ne5 Bh5 6. Qf5 Bg6 7. Qh3 Bxb1 8. Rxb1 Nbd7 9. Nxd7 Qxd7 10. Qxd7+ Nxd7 11. Bf4 g6 12. e3 Bg7 13. Be2 O-O 14. O-O e5 15. dxe5 Bxe5 16. Bh6 Bg7 17. Bf4 Rfe8 18. Rfc1 Nc5 19. h3 a5 20. Rc2 a4 21. c4 {[%emt 0:06:35] aiming for cxd5. The position is equal.} d4 22. exd4 Ne6 23. Be3 Bxd4 24. Bd2 Rad8 25. Bf1 Nc5 {[%emt 0:03:56][%cal Od4f2,Be6c5,Bc5e4,Be4g3][%mdl 32] White should prevent ...Bxf2+!} 26. Be1 Ne4 27. Be2 Ng3 28. Bf3 Nf5 {[%emt 0:00:55] Not much happened in this game.   Weighted Error Value: White=0.04 (flawless) /Black=0.04 (flawless) .  OK:         	White=11    	Black=7} 1/2-1/2

[Event "Sardinia World Festival-A 2024"]
[Site "Orosei"]
[Date "2024.04.28"]
[Round "2.7"]
[White "Dardha, Daniel"]
[Black "Atanasov, Anthony"]
[Result "1-0"]
[ECO "A11"]
[WhiteElo "2630"]
[BlackElo "2407"]
[Annotator "TA"]
[PlyCount "79"]
[EventDate "2024.04.26"]
[EventType "swiss"]
[EventCountry "ITA"]
[SourceTitle "playchess.com"]
[Source "ChessBase"]
[SourceQuality "1"]
[TimeControl "40/5400+30:1800+30"]

1. Nf3 d5 2. g3 Bf5 3. Bg2 c6 4. c4 dxc4 5. a4 e6 6. O-O Nf6 7. b3 cxb3 8. Qxb3 {[%emt 0:00:04] The position is equal.} Qb6 9. Qa2 Bb4 10. a5 Qc7 11. Nd4 O-O 12. Nxf5 exf5 13. Qc2 Re8 (13... Qd7 {might be stronger.}) 14. Bb2 $1 $11 Ne4 (14... Rxe2 15. Bxf6 gxf6 16. Qxf5 $16) 15. d3 Nc5 {[%emt 0:01:54] [#]} ({Better is} 15... Nd6 $11) 16. Bxg7 $1 $14 Kxg7 17. Qb2+ Qe5 18. Qxb4 {[%emt 0:00:20] Threatens to win with d4.} (18. d4 Qxe2 19. Qxb4 (19. dxc5+ $2 Qxb2 $19) 19... Nba6 $11) 18... Nba6 $1 (18... Qxa1 $2 {too greedy.} 19. Nc3 $18 (19. Qxc5 Re5 $17) (19. Qxc5 Re5 $17)) 19. Qc3 {[%emt 0:01:02] Hoping for d4.} Rad8 20. Ra2 Rd4 (20... Nc7 $14) 21. Bf3 (21. Nd2 Ra4 22. Qxe5+ Rxe5 23. Rxa4 Nxa4 $16) (21. Rd1 $16) 21... f6 (21... Rb4 $11) 22. Nd2 $16 {[%emt 0:08:34][%cal Bb1d2,Bd2c4,Bc4e3][%mdl 32] [#] And now Nc4 would win.} Rb4 23. Rc2 Na4 (23... Qxc3 $14 24. Rxc3 Rd8) 24. Qa3 $36 {[%emt 0:00:29][%mdl 2048] White is on the roll.} Qxa5 25. Nc4 Qc5 (25... Qc7 $16) 26. Ne3 $18 Qb5 27. Rc4 Re5 $2 (27... Rxc4 {is a better defense.} 28. dxc4 (28. Nxc4 Qb4 $18) 28... Qa5) 28. Ra1 {[%emt 0:01:01] Rxb4 would now be deadly.} Nb6 29. Rxb4 Nxb4 (29... Qxb4 30. Qxb4 Nxb4 31. Rxa7 Kg6 32. Rxb7 N6d5) 30. Qxa7 N6d5 31. Nc4 Nc2 32. Nxe5 fxe5 33. Bxd5 {[%emt 0:02:13][%cal Oa7b8,Bf3d5,Bd5c4,Bc4f7][%mdl 32] Qb8! is the strong threat.} Nxa1 {[%emt 0:00:20][%mdl 4096] Endgame. KQB-KQN} 34. Bc4 Qb1+ 35. Kg2 {[%emt 0:00:01] Threatening mate with Qc5.} Nc2 36. Qc5 {[%emt 0:00:12] White mates.} Ne1+ 37. Kh3 Qb2 38. Qe7+ Kg6 39. Bf7+ Kg7 40. Be8+ {[%emt 0:00:06] Weighted Error Value: White=0.10 (very precise) /Black=0.48.  Mistake:       	White=1     	Black=8      Inaccurate:     	White=3     	Black=1      OK:         	White=14    	Black=9      Best:        	White=3     	Black=1      Strong:       	White=1     	Black=1      Brilliant:      	White=1     	---} 1-0

[Event "Sardinia World Festival-A 2024"]
[Site "Orosei"]
[Date "2024.04.28"]
[Round "2.8"]
[White "Vantika Agrawal"]
[Black "Chigaev, Maksim"]
[Result "1/2-1/2"]
[ECO "E18"]
[WhiteElo "2398"]
[BlackElo "2621"]
[Annotator "TA"]
[PlyCount "98"]
[EventDate "2024.04.26"]
[EventType "swiss"]
[EventCountry "ITA"]
[SourceTitle "playchess.com"]
[Source "ChessBase"]
[SourceQuality "1"]
[TimeControl "40/5400+30:1800+30"]

1. d4 Nf6 2. c4 e6 3. Nf3 b6 4. g3 Bb7 5. Bg2 Be7 6. O-O O-O 7. Nc3 Ne4 8. Bd2 f5 9. Ne5 d6 10. Nd3 Qe8 11. Nf4 {[%emt 0:16:02] [#] aiming for Nxe4. White has an edge.} Nxc3 12. Bxc3 Bxg2 13. Kxg2 Bg5 14. e3 Bxf4 15. exf4 (15. Qf3 $5 Qc6 16. Qxc6 Nxc6 17. exf4 $11) 15... Qc6+ 16. Qf3 Qxf3+ 17. Kxf3 a5 18. Rfe1 Kf7 19. d5 exd5 20. cxd5 Nd7 21. Re3 Rfe8 22. b3 Nc5 23. Bd4 Ne4 24. Rc1 Re7 25. Rc2 Rae8 26. Rc1 Nc5 27. Rc4 g6 28. a3 h6 29. h3 h5 30. h4 Ra8 31. Rc2 {[%emt 0:00:26] The position is equal.} Ra7 32. Rce2 Rxe3+ 33. Rxe3 $11 {[%emt 0:00:05][%mdl 4096] Endgame. KRB-KRN} a4 34. b4 Nb3 35. Bc3 {[%emt 0:00:40] [#] Black must now prevent Re6.} c5 36. dxc6 {[%emt 0:00:23] And now b5 would win.} b5 $1 37. Rd3 Ke6 38. Bh8 Rc7 39. Re3+ Kd5 40. Rd3+ Ke6 41. Re3+ Kf7 42. Ke2 (42. Rc3 Kg8 43. Bf6 Nd2+ 44. Ke3 Ne4 $19) 42... Rxc6 43. Rc3 Rc4 44. Kd3 d5 45. f3 Ke6 46. Be5 Kd7 47. Bf6 Ke6 48. Be5 Kd7 49. Bf6 Ke6 {[%emt 0:00:04] An uneventful encounter.   Weighted Error Value: White=0.04 (flawless) /Black=0.03 (flawless) .  Inaccurate:     	White=1     	Black=1      OK:         	White=19    	Black=17     Best:        	---       	Black=2      Strong:       	---       	Black=1} 1/2-1/2

[Event "Sardinia World Festival-A 2024"]
[Site "Orosei"]
[Date "2024.04.28"]
[Round "2.9"]
[White "Moussard, Jules"]
[Black "Di Benedetto, Edoardo"]
[Result "1-0"]
[ECO "C10"]
[WhiteElo "2610"]
[BlackElo "2400"]
[Annotator "TA"]
[PlyCount "91"]
[EventDate "2024.04.26"]
[EventType "swiss"]
[EventCountry "ITA"]
[SourceTitle "playchess.com"]
[Source "ChessBase"]
[SourceQuality "1"]
[TimeControl "40/5400+30:1800+30"]

1. e4 e6 2. d4 d5 3. Nc3 dxe4 4. Nxe4 Nd7 5. Nf3 Ngf6 6. Nxf6+ Nxf6 7. c3 Be7 8. Bd3 O-O 9. Qe2 b6 10. Bg5 {[%emt 0:04:05] Strongly threatening Bxf6.} Bb7 11. O-O-O Bxf3 12. Qxf3 {[%emt 0:04:26] White is slightly better.} Qd5 13. Qxd5 Nxd5 14. h4 Rad8 15. Kc2 h6 16. Bc1 c5 17. dxc5 Bxc5 18. Rhf1 f5 19. Bc4 Kf7 20. Rde1 Be7 21. g3 Bf6 22. Rd1 g5 23. hxg5 hxg5 24. Rh1 Kg6 {[%emt 0:06:08] Repels Rh7} 25. a4 Nc7 26. Rde1 Rh8 27. Kb3 (27. Bxe6 $2 {perishes.} Rxh1 28. Bxf5+ Kxf5 $19) 27... Rxh1 28. Rxh1 g4 29. a5 b5 {[%emt 0:03:19] [#]} (29... bxa5 $11 30. Ka4 Nd5) 30. Be2 $1 $16 a6 31. f3 gxf3 32. Bxf3 Rd3 33. Bb7 Kg7 ({Black should try} 33... Rd8 $14) 34. Re1 e5 {[%emt 0:03:33][%cal Be6e5,Be5e4][%mdl 32] Prevents Bf4.} 35. Be3 e4 {[%emt 0:00:14] [#]} 36. g4 $1 Nd5 37. gxf5 {[%emt 0:00:00] Bc1 is the strong threat.} Bxc3 $2 {[%emt 0:02:12][%mdl 8192] Loses the game.} (37... Nxe3 $16 38. Bxe4 (38. Bxa6 Bg5 $11) 38... Rd1 39. Rxe3 Ra1 40. Rg3+ Kf8) 38. bxc3 $18 Rxc3+ 39. Kb2 Rxe3 {[%emt 0:00:12][%mdl 4096] Endgame. KRB-KRN} 40. Rg1+ Kf6 41. Bxd5 {[%emt 0:22:45] Black must now prevent Bb7.} Kxf5 42. Bb7 b4 43. Bxa6 {[%emt 0:00:41] White mates.} Kf4 44. Bb5 Ra3 45. Ra1 e3 46. Rxa3 {[%emt 0:00:00] Weighted Error Value: White=0.05 (flawless) /Black=0.35.  Loses game:     	---       	Black=1      Mistake:       	---       	Black=2      Inaccurate:     	White=2     	Black=1      OK:         	White=16    	Black=13     Best:        	White=1     	---        Strong:       	White=1     	---} 1-0

[Event "Sardinia World Festival-A 2024"]
[Site "Orosei"]
[Date "2024.04.28"]
[Round "2.10"]
[White "Zemach, Nadav"]
[Black "Huschenbeth, Niclas"]
[Result "0-1"]
[ECO "E05"]
[WhiteElo "2396"]
[BlackElo "2607"]
[Annotator "RC"]
[PlyCount "108"]
[EventDate "2024.04.26"]
[EventType "swiss"]
[EventCountry "ITA"]
[SourceTitle "playchess.com"]
[Source "ChessBase"]
[SourceQuality "1"]
[TimeControl "40/5400+30:1800+30"]

1. d4 Nf6 2. c4 e6 3. Nf3 d5 4. g3 Be7 5. Bg2 O-O 6. O-O dxc4 7. Qc2 b5 8. a4 b4 9. Ne5 Qxd4 10. Bxa8 Qxe5 11. Bf4 Qh5 12. Bf3 Ng4 13. Bxg4 Qxg4 14. Qxc4 e5 15. Qxc7 exf4 16. Qxe7 fxg3 17. Nd2 Nc6 18. Qe4 gxf2+ 19. Kxf2 Qd7 20. Nf3 Re8 21. Qc4 Bb7 22. Rad1 Qe7 23. Kg1 h6 24. Rf2 Nd8 25. Qd4 Bxf3 26. exf3 Ne6 27. Qe5 Rc8 28. Rg2 Qb7 29. Qe3 a5 30. Kh1 Qc6 31. Rdg1 g6 32. f4 Ng7 33. Qd3 Kh7 34. b3 Nf5 35. Qb5 Qa8 36. Qd7 Rf8 37. h3 Qf3 38. Kh2 Qxf4+ 39. Kh1 Qf3 40. Kh2 Qf4+ 41. Kh1 Qe4 42. Kh2 Qe5+ 43. Kh1 Qe3 44. Kh2 Nh4 45. Qd6 Kg7 46. Rg3 Qe2+ 47. Kh1 Qe4+ 48. Kh2 Nf3+ 49. Rxf3 Qxf3 50. Qe5+ Qf6 51. Qxa5 Qf4+ 52. Kh1 Qf3+ 53. Kh2 Re8 54. Rg2 Qf4+ 0-1